AoeStats
← AOKI_GworK

Arabia

504991597Analyzed
1v1 RM · 24d ago on Sep 7, 2026· 46m 36s· 2 players
Game mode
Random Map
Map size
Tiny (2 player)
Population
200
Speed
Normal
Resources
Standard
Victory
Conquest
Starting age
Dark Age
Ending age
Imperial Age
RankedLock teamsTeams togetherTeam positionsShared explorationLock speedFull tech treeHidden civsTurbo modeCheats
Victory
Defeat
🇫🇷 Japanese · France
1840
+17
🇨🇭 Bulgarians · Switzerland
1868
-17
AOKI_GworK
6:38 Loom
8:54 Feudal Age
8:57 Man-at-Arms
11:35 Arson
15:35 Fletching
16:23 Double-Bit Axe
17:58 Scale Mail Armor
19:16 Wheelbarrow
18:35 Horse Collar
21:03 Scale Barding Armor
24:48 Castle Age
23:32 Gold Mining
24:08 Forging
24:49 Crossbowman
25:25 Bodkin Arrow
25:32 Squires
25:59 Bow Saw
25:44 Long Swordsman
26:30 Gambesons
27:45 Ballistics
29:33 Chain Mail Armor
31:37 Hand Cart
31:08 Town Watch
31:58 Padded Archer Armor
33:29 Chain Barding Armor
36:44 Gold Shaft Mining
41:22 Heavy Plow
44:56 Imperial Age
44:33 Iron Casting
44:59 Capped Ram
45:00 Two-Handed Swordsman
46:11 Plate Mail Armor
46:42 Blast Furnace
45:04 Arbalester
45:45 Bracer
46:27 Thumb Ring
47:24 Chemistry
46:08 Champion
47:19 Leather Archer Armor
GdR_Nataniele05
5:37 Loom
8:59 Feudal Age
10:23 Double-Bit Axe
16:00 Fletching
16:31 Padded Archer Armor
19:12 Wheelbarrow
23:31 Castle Age
22:22 Horse Collar
23:42 Elite Skirmisher
24:18 Bodkin Arrow
24:43 Leather Archer Armor
25:38 Bow Saw
28:07 Scale Mail Armor
28:32 Ballistics
38:28 Scale Barding Armor
43:10 Chain Barding Armor
44:55 Bloodlines
46:57 Forging
Connection lost

Rejoining the realm…

Still unreachable

The connection could not be restored.

Session expired

The server has moved on; the page needs a fresh start.